 Dungeon Crawl Stone Soup version 0.21-a0-417-g0adc95b (webtiles) character file.

14 slep the Skirmisher (level 2, -4/25 HPs)
             Began as a Barachi Fighter on Nov 4, 2017.
             Slain by a gnoll
             ... wielding a +0 spear
              (7 damage)
             ... on level 1 of the Dungeon.
             The game lasted 00:01:17 (455 turns).

slep the Skirmisher (Barachi Fighter)                Turns: 455, Time: 00:01:17

Health: -4/25      AC:  7    Str: 17    XL:     2   Next: 41%
Magic:  2/2        EV:  7    Int:  8    God:
Gold:   78         SH:  9    Dex: 11    Spells: 1/1 levels left

rFire    . . .     SeeInvis .   a - +0 long sword
rCold    . . .     Gourm    .   c - +0 shield
rNeg     . . .     Faith    .   b - +0 scale mail
rPois    .         Spirit   .   (no helmet)
rElec    .         Reflect  .   (no cloak)
rCorr    .         Harm     .   (no gloves)
MR       .....                  (no boots)
Stlth    ..........             (no amulet)
HPRegen  0.08/turn              (no ring)
MPRegen  0.08/turn              (no ring)

@: slow
A: +LOS, swims, slowness 1, strong legs 1
a: Hop


You were on level 1 of the Dungeon.
You were not hungry.

You visited 1 branch of the dungeon, and saw 1 of its levels.

You collected 78 gold pieces.

Inventory:

Hand Weapons
 a - a +0 long sword (weapon)
Armour
 b - a +0 scale mail (worn)
 c - a +0 shield (worn)
Scrolls
 e - a scroll of identify {unknown}
 h - a scroll of remove curse {unknown}
 j - a scroll of magic mapping {unknown}
Potions
 d - a potion of might
Comestibles
 f - a bread ration
 g - a royal jelly
 i - 2 fruits


   Skills:
 + Level 4.0 Fighting
 + Level 2.6 Long Blades
 + Level 3.8 Armour
 + Level 3.4 Shields


You had one spell level left.
You didn't know any spells.

Dungeon Overview and Level Annotations

Branches:
Dungeon (1/15)

Altars:


Innate Abilities, Weirdness & Mutations

Shadows flee at your approach. (+LOS)
You can swim through water.
You cover ground slowly.
You can hop short distances.


Message History

You hit the gnoll.
The gnoll is moderately wounded.
You block the gnoll's attack.
You completely miss the gnoll.
The gnoll is moderately wounded.
The gnoll closely misses you.
You barely miss the gnoll.
The gnoll is moderately wounded.
You block the gnoll's attack. The gnoll hits you with a spear.
* * * LOW HITPOINT WARNING * * *
Your shield and scale mail prevent you from hitting the gnoll.
The gnoll is moderately wounded.
The gnoll completely misses you.
You closely miss the gnoll.
The gnoll is moderately wounded.
You block the gnoll's attack. x2
You completely miss the gnoll.
The gnoll is moderately wounded.
The gnoll hits you with a spear!
You die...

##.####'#....+...####.#######
#.......#....#........### #
#########...............#####
##.................##
#.................##
#....###..........## ##.#.#
#..........##
######+#.###..........##
#.....g@..............##
#.......†.............##
#.....................##
######...###..........##
#...# #######.##### ..#..
#...... ###### #......
##...... #.......


You could see a gnoll.

Vanquished Creatures
  A dart slug (D:1)
  2 leopard geckos (D:1)
  2 giant cockroaches (D:1)
  2 goblins (D:1)
  A ball python (D:1)
  A bat (D:1)
9 creatures vanquished.

Notes
Turn   | Place    | Note
-------+----------+-------------------------------------------
     0 | D:1      | slep the Barachi Fighter began the quest for the Orb.
     0 | D:1      | Reached XP level 1. HP: 18/18 MP: 1/1
   198 | D:1      | Reached XP level 2. HP: 22/25 MP: 2/2
   430 | D:1      | Reached skill level 4 in Fighting
   455 | D:1      | Slain by a gnoll

Vault maps used:
D:1:      elethiomel_arrival_maze, minmay_cupped

Skill      XL: |  1  2 |
---------------+-------+-----
Fighting       | 4 |  4.0
Long Blades    | |  2.6
Armour         | |  3.8
Shields        | |  3.4

Action                   || total
-------------------------++-------
Melee: Long sword        ||    34
Armor: Scale mail        ||    14
Dodge: Dodged            ||     6
Block: Shield            ||    19

Table legend:
 A = Spawn XP
 B = Non-spawn XP
 C = Spawn XP percentage of total XP
 D = Spawn monster count
 E = Non-spawn monster count
 F = Spawn count percentage of total count
 G = Total turns spent on level
                    A         B        C        D         E        F      G
               +---------+---------+-------+---------+---------+-------+---------
         Total |       0 |      20 |   0.0 |       0 |       9 |   0.0 |   455
               +---------+---------+-------+---------+---------+-------+---------
           D:1 |       0 |      20 |   0.0 |       0 |       9 |   0.0 |   455
               +---------+---------+-------+---------+---------+-------+---------
